 Dungeon Crawl Stone Soup version 0.27-a0-343-gfcad680f63 (webtiles) character file.

Game seed: 12610543316742618517

19 Armakuni the Covered (level 2, -1/25 HPs)
             Began as a Demigod Wanderer on Feb 14, 2021.
             Slain by an adder (2 damage)
             ... on level 2 of the Dungeon.
             The game lasted 00:03:15 (1452 turns).

Armakuni the Covered (Demigod Wanderer)             Turns: 1452, Time: 00:03:16

Health: -1/25      AC:  3    Str: 11    XL:     2   Next: 39%
Magic:  13/13      EV:  8    Int: 14    God:
Gold:   64         SH:  7    Dex: 15    Spells: 1/1 levels left

rFire    . . .     SeeInvis .   a - +0 short sword (drain)
rCold    . . .     Faith    .   d - +0 kite shield
rNeg     . . .     Spirit   .   e - +0 leather armour
rPois    .         Reflect  .   (no helmet)
rElec    .         Harm     .   (no cloak)
rCorr    .         Rampage  .   (no gloves)
Will     .....                  (no boots)
Stlth    +.........             (no amulet)
HPRegen  0.08/turn              M - ring of magical power
MPRegen  0.13/turn              (no ring)

@: lethally poisoned (-1 -> -17)
A: high mp 1
a: no special abilities


You were on level 2 of the Dungeon.
You visited 1 branch of the dungeon, and saw 2 of its levels.

You collected 64 gold pieces.

Inventory:

Hand Weapons
 a - a +0 short sword of draining (weapon)
Armour
 b - a +0 ring mail
 d - a +0 kite shield (worn)
 e - a +0 leather armour (worn)
Jewellery
 h - a ring of fire {unknown}
 M - a ring of magical power (left hand)
Scrolls
 f - a scroll of magic mapping {unknown}
 g - a scroll of fear
Potions
 c - a potion of curing
 i - a potion of ambrosia {unknown}


   Skills:
 + Level 2.4 Fighting
 - Level 1.0 Maces & Flails
 - Level 2.6 Armour
 - Level 1.0 Shields
 - Level 1.7 Necromancy
 - Level 1.0 Poison Magic
 - Level 1.0 Evocations


You had one spell level left.
You didn't know any spells.
Your spell library was empty.

Dungeon Overview and Level Annotations

Branches:
Dungeon (2/15)


Innate Abilities, Weirdness & Mutations

You have an increased reservoir of magic. (+10% MP)


Message History

You block the frilled lizard's attack.
You hit the frilled lizard but do no damage.
The frilled lizard bites you but does no damage.
You hit the frilled lizard. You drain the frilled lizard.
You kill the frilled lizard!
You see here a frilled lizard corpse.
An adder comes into view.
The adder hisses angrily.
You barely miss the adder. The adder bites you. You block the adder's attack.
Your shield prevents you from hitting the adder.
You block the adder's attack. x2
You miss the adder. The adder bites you but does no damage.
You miss the adder. You block the adder's attack.
The adder bites you but does no damage.
You hit the adder but do no damage. The adder bites you.
You are poisoned.
The adder poisons you! The adder closely misses you.
You closely miss the adder.
You feel sick. The adder bites you. The adder bites you but does no damage.
You closely miss the adder.
You feel sick. You block the adder's attack. The adder bites you.
You are more poisoned.
The adder poisons you!
You barely miss the adder.
You feel sick. You block the adder's attack. The adder bites you.
You are lethally poisoned!
The adder poisons you!
You barely miss the adder.
You feel sick. The adder bites you but does no damage.
You closely miss the adder.
You feel sick. The adder bites you.
* * * LOW HITPOINT WARNING * * *
The adder bites you.
* * * LOW HITPOINT WARNING * * *
You closely miss the adder.
* * * LOW HITPOINT WARNING * * *
You feel sick. The adder bites you.
* * * LOW HITPOINT WARNING * * *
You are more poisoned.
The adder poisons you! The adder bites you.
You die...

#.# #.##.
#.# #....
#.# ###..
#.####
#..
#....#
#..
####.####
#..
#....#
#.#
####.#
#.# #@#
#.# #S#
#.# #.#
#.# #.#
#.# #.#
#.# #.#
#.# #.#
#.#


You could see an adder.

Vanquished Creatures
  4 bats
  3 giant cockroaches (D:1)
  2 hobgoblins
  4 frilled lizards
  4 kobolds
  2 rats
19 creatures vanquished.

Notes
Turn   | Place    | Note
-------+----------+-------------------------------------------
     0 | D:1      | Armakuni the Demigod Wanderer began the quest for the Orb.
     0 | D:1      | Armakuni set off with the following items: a +0 dagger, a
                  | +0 ring mail, a potion of curing, a +0 kite shield
     0 | D:1      | Reached XP level 1. HP: 16/16 MP: 3/3
   841 | D:1      | Reached XP level 2. HP: 24/24 MP: 4/4
  1452 | D:2      | HP: 1/25 [adder (2)]
  1452 | D:2      | Slain by an adder

Illustrated notes

Levels and vault maps discovered:
D:1:      ncdulo_watergridlock, layout_loops_cross
D:2:      layout_loops_ring, chequers_ecumenical_altar_island

Skill      XL: |  1 |
---------------+----+-----
Fighting       | 2 |  2.4
Maces & Flails | |  1.0
Armour         | |  2.6
Shields        | |  1.0
Necromancy     | |  1.7
Poison Magic   | |  1.0
Evocations     | |  1.0

Action                   || total
-------------------------++-------
Melee: Dagger            ||    75
       Short sword       ||    19
       Unarmed           ||     3
  Use: Potion            ||     5
       Scroll            ||     1
Armor: Ring mail         ||    31
       Leather armour    ||     7
       Skin              ||     1
Dodge: Dodged            ||    28
Block: Kite shield       ||    43

Table legend: (Time is in decaauts)
 A = Elapsed time spent in this place.
 B = Non-inter-level travel time spent in this place.
 C = Inter-level travel time spent in this place.
 D = Time resting spent in this place.
 E = Time spent auto-exploring this place.
 F = Levels seen in this place.
 G = Mean time per level.
                   A        B        C        D        E       F      G
               +--------+--------+--------+--------+--------+-----+--------+
         Total |   1491 |   1447 |     44 |    370 |    778 |   2 |  745.5 |
       Dungeon |   1491 |   1447 |     44 |    370 |    778 |   2 |  745.5 |
               +--------+--------+--------+--------+--------+-----+--------+

Top non-repeatable levels by time:
     D:1: 1103 daAuts
     D:2: 388 daAuts
